 Dungeon Crawl Stone Soup version 0.32-a0-953-g508020473e (webtiles) character file.

Game seed: 2913512540471176249

95 Ofeo the Firebug (level 4, -1/33 HPs)
             Began as a Mountain Dwarf Fire Elementalist on Apr 16, 2024.
             Slain by a gnoll
             ... wielding a +0 halberd
              (8 damage)
             ... on level 3 of the Dungeon.
             The game lasted 00:04:04 (3096 turns).

Ofeo the Firebug (Mountain Dwarf Fire Elementalist) Turns: 3096, Time: 00:04:05

Health: -1/33      AC: 12    Str: 10    XL:     4   Next: 40%
Magic:  0/7        EV:  0    Int: 18    God:
Gold:   135        SH:  0    Dex: 10    Spells: 1/7 levels left

rFire   . . .        i - +3 short sword
rCold   . . .        (no shield)
rNeg    . . .        e - +0 plate armour
rPois   .            (no helmet)
rElec   .            (no cloak)
rCorr   .            (no gloves)
SInv    .            (no boots)
Will    .....        (no amulet) Stlth
                     (no ring)
HPRegen 0.25/turn    (no ring)
MPRegen 0.10/turn

%: no passive effects
@: mighty, very slightly contaminated
A: runic magic, artefact enchanting, iridescent scales 1, sense surroundings 1,
noise suppression
a: no special abilities


You were on level 3 of the Dungeon.
You visited 1 branch of the dungeon, and saw 3 of its levels.

You collected 135 gold pieces.

Inventory:

Hand Weapons
 i - a +3 short sword (weapon)
Armour
 a - a +0 robe
 e - a +0 plate armour (worn)
Scrolls
 f - a scroll of amnesia
 k - 2 scrolls of enchant weapon {unknown}
 l - a scroll of teleportation {unknown}
Potions
 b - 2 potions of magic
 c - a potion of brilliance {unknown}
 g - a potion of lignification {unknown}
 h - a potion of invisibility {unknown}
 j - a potion of heal wounds {unknown}


   Skills:
 - Level 1.8 Dodging
 - Level 2.0 Stealth
 - Level 2.2 Spellcasting
 - Level 1.5 Conjurations
 + Level 4.9 Fire Magic


You had one spell level left.
You knew the following spells:

 Your Spells              Type           Power      Damage    Failure   Level
a - Foxfire               Conj/Fire      52%        2x1d6     24%         1
b - Scorch                Fire           38%        2d6       19%         2
c - Volatile Blastmotes   Fire/Tloc      20%        2d11      67%         3

Your spell library contained the following spells:

 Spells                   Type           Power      Damage    Failure   Level
 Inner Flame              Hex/Fire       10%        N/A       67%         3
 Flame Wave               Conj/Fire      13%        2d6       93%         4


Dungeon Overview and Level Annotations

Branches:
Dungeon (3/15)

Altars:
Nemelex Xobeh

Annotations:
D:2 1 runed translucent door, Crazy Yiuf


Innate Abilities, Weirdness & Mutations

Your spellcasting is much less encumbered by armour.
You can use scrolls of enchantment on lesser artefacts.
You are partially covered in iridescent scales. (AC +2)
You passively map a small area around you.
You passively dampen the noise of your surroundings.


Message History

The gnoll is almost dead.
The foxfire hits the gnoll.
The gnoll is burned terribly!
You kill the gnoll!
The gnoll hits you but does no damage.
Casting: Foxfire (safe; 24% risk of failure)
Confirm with . or Enter, or press ? or * to list all spells.
Flames lash the gnoll.
The gnoll is heavily wounded.
The gnoll's fire resistance burns away.
The gnoll hits you from afar with a +0 halberd!
You take 7 damage, and have 16/33 hp.
MASSIVE DAMAGE!!
You now have 1/7 mp.
Casting: Scorch (safe; 19% risk of failure)
Confirm with . or Enter, or press ? or * to list all spells.
You don't have enough magic to cast this spell.
Casting: Scorch (safe; 19% risk of failure)
Confirm with . or Enter, or press ? or * to list all spells.
You miscast Foxfire.
You are very lightly contaminated with residual magic.
Nothing appears to happen.
The gnoll hits you from afar with a +0 halberd.
You take 4 damage, and have 12/33 hp.
You now have 0/7 mp.
Casting: Foxfire (safe; 24% risk of failure)
Confirm with . or Enter, or press ? or * to list all spells.
You don't have enough magic to cast this spell.
The gnoll hits you with a +0 halberd.
* * * LOW HITPOINT WARNING * * *
You see here a +0 flail.
You take 6 damage, and have 6/33 hp.
You closely miss the gnoll.
The gnoll is heavily wounded.
The gnoll hits you but does no damage.
It was a potion of might.
You feel very mighty all of a sudden. The gnoll hits you but does no damage.
You completely miss the gnoll.
The gnoll is heavily wounded.
The gnoll is no longer more vulnerable to fire.
An orc comes into view. It is wielding a +0 club.
The gnoll hits you with a +0 halberd!
You die...

~ ~~ * * ~~ , ~≈~~ * ~~~P~
~~~P~ ~P~~~
################## * ~
~P~~~###.g............... ~
Po~~~...@################ , ,
....................#
,.................#..# ,
.................+.># * *
##+########..........#..#####
#.....#####..........#.......
#.................(#...####
...#####'...†..########...#
#.....#......## #..<# **


You could see a gnoll and an orc (wandering).

Vanquished Creatures
  A gnoll (D:3)
  4 adders
  A ribbon worm (D:2)
  4 endoplasms (D:2)
  7 goblins
  4 hobgoblins
  6 kobolds
  2 quokkas (D:2)
  5 ball pythons
  4 bats
  4 frilled lizards
  8 rats
50 creatures vanquished.

Vanquished Creatures (others)
  129 foxfires
129 creatures vanquished.

Grand Total: 179 creatures vanquished

Notes
Turn   | Place    | Note
-------+----------+-------------------------------------------
     0 | D:1      | Ofeo the Mountain Dwarf Fire Elementalist began the quest
                  | for the Orb.
     0 | D:1      | Reached XP level 1. HP: 14/14 MP: 3/3
   119 | D:1      | Reached skill level 1 in Conjurations
   386 | D:1      | Reached XP level 2. HP: 14/20 MP: 0/4
  1046 | D:1      | Found a faded altar of an unknown god.
  1526 | D:2      | Reached skill level 4 in Fire Magic
  1536 | D:2      | Reached XP level 3. HP: 26/26 MP: 1/6
  1601 | D:2      | Gained mutation: You passively map a small area around you.
                  | [potion of mutation]
  1601 | D:2      | Gained mutation: You passively dampen the noise of your
                  | surroundings. [potion of mutation]
  1601 | D:2      | Gained mutation: You are partially covered in iridescent
                  | scales. (AC +2) [potion of mutation]
  1789 | D:1      | Learned a level 2 spell: Scorch
  1793 | D:1      | Learned a level 3 spell: Volatile Blastmotes
  2035 | D:2      | Reached XP level 4. HP: 33/33 MP: 5/7
  2672 | D:2      | Found a runed translucent door.
  2673 | D:2      | Noticed Crazy Yiuf
  2965 | D:3      | Found a sparkling altar of Nemelex Xobeh.
  3096 | D:3      | Slain by a gnoll

Illustrated notes

Levels and vault maps discovered:
D:1:      elethiomel_arrival_shortcut, layout_basic,
          shapermc_ecumenical_altar_notcrosses
D:2:      layout_rooms, kennysheep_generic_room_9, uniq_crazy_yiuf_cottage
D:3:      layout_basic, mainiacjoe_overflow_swirl, serial_bayou,
          serial_bayou_lagoon_b, serial_bayou_pond_a, serial_bayou_lake_a,
          serial_bayou_shore_a, st_stairs_14, patterned_corridor

Skill      XL: |  1  2  3 |
---------------+----------+-----
Conjurations   | 1 |  1.5
Spellcasting   | 2 |  2.2
Fire Magic     | 4 |  4.9
Stealth        | 2 |  2.0
Dodging        | |  1.8

Action                     |  1- 3 |  4- 6 || total
---------------------------+-------+-------++-------
  Melee: Unarmed           |     8 |       ||     8
         Short sword       |    18 |     8 ||    26
   Cast: Foxfire           |    66 |    14 ||    80
         Scorch            |     1 |     2 ||     3
    Use: Potion            |     2 |     1 ||     3
         Scroll            |     2 |       ||     2
 Armour: Robe              |    29 |       ||    29
         Plate armour      |     7 |    30 ||    37
  Dodge: Dodged            |    22 |     2 ||    24

Table legend: (Time is in decaauts)
 A = Elapsed time spent in this place.
 B = Non-inter-level travel time spent in this place.
 C = Inter-level travel time spent in this place.
 D = Time resting spent in this place.
 E = Time spent auto-exploring this place.
 F = Levels seen in this place.
 G = Mean time per level.
                   A        B        C        D        E       F      G
               +--------+--------+--------+--------+--------+-----+--------+
         Total |   3095 |   2808 |    287 |    309 |   2151 |   3 | 1031.7 |
       Dungeon |   3095 |   2808 |    287 |    309 |   2151 |   3 | 1031.7 |
               +--------+--------+--------+--------+--------+-----+--------+

Top non-repeatable levels by time:
     D:1: 1742 daAuts
     D:2: 1123 daAuts
     D:3: 229 daAuts
